 Dungeon Crawl Stone Soup version 0.19-a0-1908-g43c011f (webtiles) character file.

713 Leibowitz the Chopper (level 7, -5/57 HPs)
             Began as a Demigod Gladiator on Oct 22, 2016.
             Slain by a hippogriff (7 damage)
             ... on level 4 of the Dungeon.
             The game lasted 00:12:30 (4228 turns).

Leibowitz the Chopper (Demigod Gladiator)           Turns: 4228, Time: 00:12:30

Health: -5/57      AC:  6    Str: 18 (20) XL:     7   Next: 17%
Magic:  9/9        EV: 14    Int: 11 (12) God:
Gold:   290        SH:  0    Dex: 17 (18) Spells: 0 memorised, 6 levels left

rFire  . . .     SeeInvis .     a - +1 war axe
rCold  . . .     Gourm    .     z - +1 leather armour {rN+}
rNeg   + . .     Faith    .     (no shield)
rPois  .         Spirit   .     c - +1 helmet
rElec  .         Reflect  .     (no cloak)
rCorr  .         Harm     .     (no gloves)
MR     .....                    (no boots)
Stlth  +++.......               (no amulet)
                                (no ring)
                                o - ring of stealth

@: no status effects
A: high mp 1
a: no special abilities


You were on level 4 of the Dungeon.
You were not hungry.

You visited 1 branch of the dungeon, and saw 4 of its levels.

You collected 290 gold pieces.

Inventory:

Hand Weapons
 a - a +1 war axe (weapon)
 b - a +0 blowgun
Missiles
 d - 2 throwing nets
 w - 11 poisoned needles
 x - 7 javelins (quivered)
Armour
 c - a +1 helmet (worn)
 z - a +1 leather armour of positive energy (worn)
Jewellery
 o - a ring of stealth (left hand)
 y - an uncursed ring of teleportation
Wands
 p - a wand of teleportation (0/9)
Scrolls
 e - 2 scrolls of amnesia {unknown}
 j - 6 scrolls of identify
 k - 2 scrolls of recharging
 m - a scroll of magic mapping
 s - a scroll of enchant weapon
 t - a scroll of fog {unknown}
 v - 2 scrolls of teleportation
Potions
 h - 2 potions of flight
 i - 2 potions of magic
 u - a potion of cancellation {unknown}
Comestibles
 f - a bread ration
 g - 3 chunks of flesh
 n - 2 beef jerkies
 q - 2 meat rations
 r - a slice of pizza


   Skills:
 + Level 3.2 Fighting
 + Level 5.7 Axes
 + Level 2.1 Throwing
 + Level 2.9 Armour
 + Level 4.0 Dodging
 + Level 1.0 Stealth


You had 6 spell levels left.
You didn't know any spells.

Dungeon Overview and Level Annotations

Branches:
Dungeon (4/15)
 Temple: D:4-7

Annotations:
D:4 Pikel


Innate Abilities, Weirdness & Mutations

You have an increased reservoir of magic. (+10% MP)


Message History

Aim: a hippogriff (lightly wounded, poisoned)
You shoot a poisoned needle.
The poisoned needle hits the hippogriff.
The hippogriff looks even sicker.
The hippogriff is lightly wounded.
The hippogriff bites you but does no damage.
The hippogriff closely misses you. The hippogriff claws you.
* * * LOW HITPOINT WARNING * * *
a - a +1 war axe (weapon)
You slash the hippogriff!
The hippogriff is moderately wounded.
The hippogriff bites you.
* * * LOW HITPOINT WARNING * * *
The hippogriff pecks you but does no damage.
The hippogriff claws you.
* * * LOW HITPOINT WARNING * * *
The hippogriff bites you!
* * * LOW HITPOINT WARNING * * *
The hippogriff pecks you!
You die...

#......##.##o....**#....#.#......
###.##.##.#.......##Ho..#...##...
#.##.#..#.......#.....#...###..
###.##.#..#.......#....##........
....##....##($...##....##...###..
....####..#**,,,**#..######## #..
....# #<.######*##.## #.. ....#
#.......###..# #.. .รท.##
#........@H{## ### ..(#
#.......##### ...# #.......# ...#
######### ...# ...# ####


You could see a hippogriff.

Vanquished Creatures
  Sigmund (D:2)
  Eustachio (D:4)
  4 slaves (D:4)
  An ogre (D:4)
  A bullfrog (D:4)
  The ghost of max the Chopper, a weakling MiBe of Trog (D:3)
  A hound (D:4)
  An orc wizard (D:4)
  3 gnolls
  5 adders
  2 oozes
  A worm (D:2)
  2 dart slugs
  A leopard gecko (D:3)
  An orc (D:4)
  3 giant cockroaches
  8 hobgoblins
  4 jackals (D:3)
  A quokka (D:2)
  2 ball pythons
  6 bats
  7 frilled lizards
  10 goblins
  14 kobolds
  11 rats
92 creatures vanquished.

Notes
Turn   | Place    | Note
-------+----------+-------------------------------------------
     0 | D:1      | Leibowitz the Demigod Gladiator began the quest for the Orb.
     0 | D:1      | Reached XP level 1. HP: 17/17 MP: 3/3
   166 | D:1      | Reached skill level 3 in Axes
   187 | D:1      | Reached XP level 2. HP: 16/24 MP: 4/4
   966 | D:2      | Reached XP level 3. HP: 26/29 MP: 5/5
  1127 | D:2      | Noticed Sigmund
  1197 | D:2      | Reached skill level 1 in Armour
  1514 | D:2      | Killed Sigmund
  1514 | D:2      | Reached skill level 4 in Axes
  1514 | D:2      | Reached XP level 4. HP: 14/37 MP: 6/6
  1514 | D:2      | Reached XP level 5. HP: 16/42 MP: 7/7
  1878 | D:2      | Found a radiant altar of Vehumet.
  2070 | D:3      | Noticed max's ghost (weakling MiBe)
  2499 | D:3      | Reached skill level 1 in Stealth
  2524 | D:3      | Reached XP level 6. HP: 47/50 MP: 8/8
  2647 | D:3      | Killed max's ghost
  2647 | D:3      | Reached skill level 5 in Axes
  2970 | D:4      | Noticed Eustachio
  3464 | D:4      | Killed Eustachio
  3471 | D:4      | Noticed Pikel
  4161 | D:4      | Reached XP level 7. HP: 57/57 MP: 9/9
  4186 | D:4      | Noticed a hippogriff
  4228 | D:4      | HP: 2/57 [hippogriff (9)]
  4228 | D:4      | Slain by a hippogriff

Vault maps used:
D:1:      elethiomel_arrival_quiet, st_stairs_7, serial_bayou_pond_d
D:2:      marbit_many_paths, uniq_sigmund
D:4:      minmay_opposing_rooms, minmay_item_behind_shaft, uniq_pikel,
          uniq_eustachio

Skill      XL: |  1  2  3  4  5  6  7 |
---------------+----------------------+-----
Axes           | 3 4 5 |  5.7
Dodging        | 3 4 |  4.0
Fighting       | 2 3 |  3.2
Armour         | 1 2 |  2.9
Stealth        | 1 |  1.0
Throwing       | 2 |  2.1

Action                   |  1- 3 |  4- 6 |  7- 9 || total
-------------------------+-------+-------+-------++-------
Melee: War axe           |   106 |   252 |    10 ||   368
 Fire: Blowgun           |       |     9 |     6 ||    15
Throw: Throwing net      |     4 |       |       ||     4
       Javelin           |       |     3 |       ||     3
  Use: Scroll            |       |     8 |       ||     8
       Potion            |       |     6 |       ||     6
 Stab: Held in net/web   |     2 |       |       ||     2
       Sleeping          |     1 |     3 |       ||     4
       Distracted        |       |     1 |       ||     1
  Eat: Chunk             |     2 |     7 |       ||     9
       Royal jelly       |       |     1 |       ||     1
Armor: Ring mail         |    40 |   107 |       ||   147
       Skin              |       |    14 |       ||    14
       Leather armour    |       |       |     2 ||     2
Dodge: Dodged            |    78 |   211 |    12 ||   301
